 Dungeon Crawl Stone Soup version 0.26-a0-639-g72c4674329 (webtiles) character file.

Game seed: 16817632108580020681

1424 Lanoc the Frost Mage (level 8, -1/41 HPs)
             Began as a Gargoyle Ice Elementalist on Sept 16, 2020.
             Slain by a white imp (3 damage)
             ... on level 6 of the Dungeon.
             The game lasted 00:07:45 (4329 turns).

Lanoc the Frost Mage (Gargoyle Ice Elementalist)    Turns: 4329, Time: 00:07:46

Health: -1/41      AC:  8    Str: 13    XL:     8   Next: 72%
Magic:  8/11       EV: 14    Int: 17    God:
Gold:   140        SH:  0    Dex: 10    Spells: 8/11 levels left

rFire    . . .     SeeInvis .   (no weapon)
rCold    . . .     Faith    .   (no shield)
rNeg     + . .     Spirit   .   a - +0 robe
rPois    ∞         Reflect  .   (no helmet)
rElec    +         Harm     .   (no cloak)
rCorr    .         Rampage  .   (no gloves)
MR       .....     Rnd*Rage +   (no boots)
Stlth    +++.......             (no amulet)
HPRegen  0.13/turn              k - ring of stealth
MPRegen  0.12/turn              (no ring)

@: frozen ramparts
A: yellow scales 1, berserk 1, deformed body, negative energy resistance 1,
electricity resistance, unbreathing, petrification resistance, rot immunity, AC
+5
a: no special abilities


You were on level 6 of the Dungeon.
You visited 1 branch of the dungeon, and saw 6 of its levels.

You collected 140 gold pieces.

Inventory:

Armour
 a - a +0 robe (worn)
Jewellery
 k - a ring of stealth (left hand)
Wands
 m - a wand of disintegration (11)
Scrolls
 f - 4 scrolls of identify
Potions
 e - a potion of invisibility


   Skills:
 + Level 5.2 Dodging
 - Level 2.1 Stealth
 - Level 2.0 Spellcasting
 * Level 9.5 Ice Magic


You had 8 spell levels left.
You knew the following spells:

 Your Spells              Type           Power        Failure   Level
b - Frozen Ramparts       Ice            ####..       1%          3

Your spell library contained the following spells:

 Spells                   Type           Power        Failure   Level
 Freeze                   Ice            ####         1%          1
 Ozocubu's Armour         Ice            ####....     1%          3
 Hailstorm                Conj/Ice       ###.....     26%         4
 Summon Ice Beast         Ice/Summ       ###.....     26%         4


Dungeon Overview and Level Annotations

Branches:
Dungeon (6/15)             Temple (0/1) D:5

Altars:
Dithmenos
Elyvilon


Innate Abilities, Weirdness & Mutations

You are resistant to torment.
Your stone body is resilient. (AC +5)
You are immune to poison.
You resist negative energy. (rN+)
You are resistant to electric shocks. (rElec)
You can survive without breathing.
You are immune to petrification.
You are immune to rotting.
You are partially covered in yellow scales. (AC +2)
You tend to lose your temper in combat.
Armour fits poorly on your strangely shaped body.


Message History

The bullfrog skeleton barely misses you.
The shadow imp resists.
The wall freezes the shadow imp.
You completely miss the bullfrog skeleton.
The bullfrog skeleton is almost destroyed.
The white imp resists.
The wall freezes the white imp.
The white imp hits you but does no damage.
The bullfrog skeleton completely resists.
The wall freezes the bullfrog skeleton but do no damage.
The bullfrog skeleton barely misses you.
The shadow imp resists.
The wall freezes the shadow imp.
You barely miss the bullfrog skeleton.
The bullfrog skeleton is almost destroyed.
The bullfrog skeleton completely resists.
The wall freezes the bullfrog skeleton but do no damage.
The bullfrog skeleton hits you.
* * * LOW HITPOINT WARNING * * *
The white imp resists.
The wall freezes the white imp.
The white imp hits you.
* * * LOW HITPOINT WARNING * * *
The white imp freezes you.
You die...

.. .. # ##. #
.. ... #.#. #?#
#.#.##.######
##........5Z@#
.........###5#
##...Z...##.#
#.§§§§§§.##.#
###.§§§§§§.##.#
....§§§§§§###.#
##.§§§§§# #.#
##§#§# ...
##§#<#.###


You could see a white imp, a shadow imp and a bullfrog skeleton.

Vanquished Creatures
  Pikel (D:4)
  Prince Ribbit (D:5)
  4 ogres
  2 lemures (D:4)
  A howler monkey (D:4)
  A centaur skeleton (D:4)
  Natasha (thrice) (D:4)
  3 iguanas
  2 worker ants
  A hound skeleton (D:4)
  6 gnolls
  5 adders
  An ufetubus (D:5)
  An ooze (D:3)
  An adder skeleton (D:4)
  A worm (D:4)
  A dart slug (D:3)
  A leopard gecko (D:5)
  4 orcs
  3 giant cockroaches (D:3)
  5 goblins (D:3)
  A hobgoblin (D:3)
  4 jackals (D:3)
  A kobold (D:3)
  2 quokkas (D:5)
  2 bats (D:3)
  A quokka skeleton (D:4)
  2 rats (D:3)
61 creatures vanquished.

Notes
Turn   | Place    | Note
-------+----------+-------------------------------------------
     0 | D:1      | Lanoc the Gargoyle Ice Elementalist began the quest for the
                  | Orb.
     0 | D:1      | Reached XP level 1. HP: 10/10 MP: 3/3
   199 | D:3      | Reached XP level 2. HP: 5/15 MP: 0/5
   758 | D:2      | Reached XP level 3. HP: 11/19 MP: 2/6
   763 | D:2      | Learned a level 3 spell: Frozen Ramparts
  1282 | D:3      | Reached skill level 5 in Ice Magic
  1284 | D:3      | Reached XP level 4. HP: 24/24 MP: 2/7
  1865 | D:4      | Noticed an ogre
  1875 | D:4      | Killed an ogre
  1875 | D:4      | Reached XP level 5. HP: 13/28 MP: 3/8
  2204 | D:4      | Reached skill level 6 in Ice Magic
  2430 | D:4      | Reached XP level 6. HP: 16/32 MP: 2/9
  2515 | D:4      | Noticed Natasha
  2521 | D:4      | Killed Natasha
  2965 | D:4      | Found a shadowy altar of Dithmenos.
  3166 | D:4      | Reached skill level 7 in Ice Magic
  3166 | D:4      | Reached XP level 7. HP: 36/36 MP: 6/10
  3205 | D:4      | Noticed Natasha
  3210 | D:4      | Killed Natasha
  3227 | D:4      | Noticed Pikel
  3244 | D:4      | Killed Pikel
  3244 | D:4      | Reached skill level 8 in Ice Magic
  3244 | D:4      | Reached XP level 8. HP: 28/41 MP: 5/11
  3595 | D:4      | Noticed Natasha
  3623 | D:4      | Killed Natasha
  3639 | D:5      | Entered Level 5 of the Dungeon
  3835 | D:5      | Reached skill level 9 in Ice Magic
  3872 | D:5      | Found a staircase to the Ecumenical Temple.
  3886 | D:5      | Noticed Prince Ribbit
  3905 | D:5      | Killed Prince Ribbit
  3905 | D:5      | Reached skill level 5 in Dodging
  4286 | D:6      | Found a white marble altar of Elyvilon.
  4313 | D:6      | Gained mutation: You tend to lose your temper in combat.
                  | [potion of mutation]
  4313 | D:6      | Gained mutation: Armour fits poorly on your strangely
                  | shaped body. [potion of mutation]
  4313 | D:6      | Gained mutation: You are partially covered in yellow
                  | scales. (AC +2) [potion of mutation]
  4329 | D:6      | HP: 2/41 [white imp (2)]
  4329 | D:6      | Slain by a white imp

Illustrated notes

Levels and vault maps discovered:
D:1:      heliophobic_arrival_battle_scene, layout_loops_cross
D:2:      layout_rooms, lemuel_statue_altar, uniq_sigmund, uniq_terence
D:3:      layout_loops_corners, nicolae_underground_beach
D:4:      layout_loops_ring, grunt_dithmenos_shadows, uniq_natasha, uniq_pikel
D:5:      layout_loops_cross, minmay_temple_entry_statues, uniq_prince_ribbit1
D:6:      minmay_cornered_nines, layout_loops_ring, portal_sewer_entry_f,
          basic_altar

Skill      XL: |  1  2  3  4  5  6  7  8 |
---------------+-------------------------+-----
Dodging        | 2 3 4 5 |  5.2
Ice Magic      | 5 6 7 8 9 |  9.5
Stealth        | |  2.1
Spellcasting   | |  2.0

Action                   |  1- 3 |  4- 6 |  7- 9 || total
-------------------------+-------+-------+-------++-------
Melee: Unarmed           |    18 |   116 |    99 ||   233
 Cast: Freeze            |    18 |     9 |       ||    27
       Frozen Ramparts   |     3 |    21 |    20 ||    44
  Use: Scroll            |       |       |     6 ||     6
       Potion            |       |       |     6 ||     6
 Stab: Sleeping          |     1 |     1 |     1 ||     3
Armor: Robe              |    10 |    42 |    39 ||    91
Dodge: Dodged            |    23 |    89 |    77 ||   189

Table legend: (Time is in decaauts)
 A = Elapsed time spent in this place.
 B = Non-inter-level travel time spent in this place.
 C = Inter-level travel time spent in this place.
 D = Time resting spent in this place.
 E = Time spent auto-exploring this place.
 F = Levels seen in this place.
 G = Mean time per level.
                   A        B        C        D        E       F      G
               +--------+--------+--------+--------+--------+-----+--------+
         Total |   4339 |   4297 |     42 |    473 |   2968 |   6 |  723.2 |
       Dungeon |   4339 |   4297 |     42 |    473 |   2968 |   6 |  723.2 |
               +--------+--------+--------+--------+--------+-----+--------+

Top non-repeatable levels by time:
     D:4: 1957 daAuts
     D:3: 1512 daAuts
     D:5: 646 daAuts
     D:2: 169 daAuts
     D:6: 42 daAuts
     D:1: 10 daAuts
